 Dungeon Crawl Stone Soup version 0.17-a0-1056-g838d5c0 (webtiles) character file.

246282 Raurakos the Black Belt (level 19, -9/177 HPs)
             Began as a Vine Stalker Monk on May 13, 2015.
             Was the Champion of Makhleb.
             Mangled by a rakshasa (illusionary)
             ... wielding a +0 long sword
              (13 damage)
             ... while paralysed by a hornet
             ... on level 2 of the Vaults on May 16, 2015.
             The game lasted 04:29:02 (37718 turns).

Raurakos the Black Belt (Vine Stalker Monk)        Turns: 37718, Time: 04:29:03

Health: -9/177     AC: 24    Str: 26    XL:     19   Next: 50%
Magic:  0/27       EV:  2    Int: 10    God:    Makhleb [******]
Gold:   2004       SH:  0    Dex: 24    Spells: 1 memorised, 12 levels left

rFire  + + .     SeeInvis +       - Unarmed
rCold  + . .     Clarity  .     g - +4 chain mail of Royalty {Str+6}
rNeg   . . .     SustAb   .     (no shield)
rPois  .         Gourm    .     a - +2 helmet {SInv}
rElec  .         Spirit   +     d - +0 cloak "Cauj" {rF+}
rCorr  .         Warding  .     (no gloves)
rMut   .         Stasis   .     q - +2 pair of boots
MR     ++...                    J - amulet of Vitality {Regen+ HP+15}
Stlth  ..........               K - +3 ring of slaying
                                T - ring of protection from fire

@: paralysed, berserking, lethally poisoned (-9 -> -34), slowed, very resistant
to hostile enchantments, extremely unstealthy
A: fangs 3, blink 1, cold resistance 1, regeneration 3, magic shield, antimagic
bite, no device heal 3, rot immunity
a: Blink, Minor Destruction, Lesser Servant of Makhleb, Major Destruction,
Greater Servant of Makhleb, Renounce Religion
}: 2/15 runes: barnacled, gossamer


You were on level 2 of the Vaults.
You worshipped Makhleb.
Makhleb was exalted by your worship.
You were not hungry.

You visited 7 branches of the dungeon, and saw 38 of its levels.
You also visited: Labyrinth and Ice Cave.

You collected 3865 gold pieces.
You spent 1861 gold pieces at shops.

Inventory:

Hand weapons
 R - the +15 heavy crossbow "Sniper" {velocity, SInv}
   (You took it off a merfolk on level 4 of the Shoals)

   Any bolt fired from it inflicts extra damage.
   It lets you see invisible.
Armour
 a - a +2 helmet of see invisible (worn)
 d - the +0 cloak "Cauj" (worn) {rF+}
   (You acquired it on level 1 of the Shoals)

   It protects you from fire.
 g - the +4 chain mail of Royalty (worn) {Str+6}
   (You bought it in a shop on level 4 of the Orcish Mines)

   It affects your strength (+6).
 q - a +2 pair of boots (worn)
 D - the +2 pair of gloves of Enueh {-Tele rPois Int+3}
   (You found it on level 2 of the Vaults)

   It affects your intelligence (+3).
   It protects you from poison.
   It prevents most forms of teleportation.
 L - a +0 cloak of poison resistance
Rods
 P - a +0 rod of ignition (13/13)
   (You found it on level 15 of the Dungeon)
Jewellery
 o - an uncursed ring of protection from cold
 s - an uncursed ring of teleportation
 y - an uncursed ring of protection from cold
 C - an uncursed ring of positive energy
 J - the amulet of Vitality (around neck) {Regen+ HP+15}
   (You found it on level 4 of the Shoals)

   [amulet of regeneration]

   It affects your health (+15).
   It increases your rate of regeneration.
 K - a +3 ring of slaying (right hand)
 T - a ring of protection from fire (left hand)
Magical devices
 l - a wand of teleportation (5)
 u - a wand of digging (11)
 v - a wand of digging (11)
 N - a wand of hasting (3)
Scrolls
 c - 4 scrolls of remove curse
 e - 4 scrolls of identify
 f - a scroll of magic mapping
 j - 4 scrolls of teleportation
 r - 6 scrolls of fog
 t - a scroll of recharging
 z - a scroll of blinking
 A - a scroll of amnesia
 I - a scroll of summoning
 Q - a scroll of silence
Potions
 h - 2 potions of flight
 m - 2 potions of cancellation
 p - a potion of haste
 w - a potion of cure mutation
 G - 11 potions of curing
 M - 6 potions of might
 V - 2 potions of resistance
Miscellaneous
 x - a fan of gales
 H - a sack of spiders
Comestibles
 b - 19 bread rations
 i - 4 fruits


   Skills:
 + Level 12.9 Fighting
 - Level 12.0 Armour
 - Level 14.0 Dodging
 - Level 2.4 Stealth
 - Level 20.0 Unarmed Combat
 - Level 4.0 Charms
 - Level 4.0 Air Magic
 - Level 10.0 Invocations


You had 12 spell levels left.
You knew the following spells:

 Your Spells              Type           Power        Failure   Level  Hunger
a - Deflect Missiles      Chrm/Air       #.........   100%        6    #######


Dungeon Overview and Level Annotations

Branches:
Dungeon (15/15)            Temple (1/1) D:7            Lair (8/8) D:11
 Shoals (4/4) Lair:6       Spider (4/4) Lair:6        Slime (0/6) Lair:6
    Orc (4/4) D:9             Elf (0/3) Orc:3        Vaults (2/5) D:13
 Depths (0/5) D:15
  Crypt: Vaults:2-3

Altars:
Ashenzari
Cheibriados
Dithmenos
Elyvilon
Fedhas
Gozag
Kikubaaqudgha
Makhleb
Nemelex Xobeh
Okawaru
Qazlal
Ru
Sif Muna
Trog
Vehumet
Xom
Yredelemnul
Zin
The Shining One
Beogh

Shops:
D:7 [   D:9 **   D:13 (!(   Orc:4 **[[

Annotations:
D:14 2 runed doors
Lair:7 Rupert


Innate Abilities, Weirdness & Mutations

You have razor-sharp teeth.
You regenerate.
When hurt, damage is shared between your health and your magic reserves.
Your bite disrupts and absorbs the magic of your enemies.
Potions and wands cannot restore your health.
You are immune to rotting.
You can translocate small distances at will.
Your flesh is cold resistant.


Message History

You are more poisoned.
You feel as though you will be slow longer.
The hornet completely misses you. The hornet stings you!
* * * LOW HITPOINT WARNING * * *
You are more poisoned.
You feel as though you will be slow longer.
The rakshasa gestures.
The rakshasa blinks!
The rakshasa hits you with a long sword!!
* * * LOW HITPOINT WARNING * * *
You feel very sick. The hornet stings you.
* * * LOW HITPOINT WARNING * * *
You are more poisoned.
You shrug off the repeated paralysis!
The hornet stings you but does no damage. x2
The rakshasa hits you with a long sword!
* * * LOW HITPOINT WARNING * * *
The rakshasa hits you with a long sword!
You die...

,*,,,*,,,*
#...........,,#....
*,***,****
#§..........,,###..
*,***,**
####+++#####**#...[
,,,*,,,* #.......#
###.. ,,,*,,,*
#..#§#§.# *....
***,****
########§.#§§#.#
##### **,**
#......#.#.....# *
*,,,*
#....yyR.##§.#.# *
*,,,*
#....y@#..#§#..# *
*****
#.!..RR#.......# *
#......######### *
#......# * ########
** **************
*, *,,,,,,,,,,,,*
*, *******
*,,,,,>,,,,,,* *,
,,,,,,*
*,,,,,,,,,,,,* *,


You could see 3 rakshasas and 3 hornets.

Vanquished Creatures
  Nikola (Shoals:4)
  Gastronok (D:9)
  A kraken (Shoals:3)
  A tengu reaver (Vaults:1)
  Donald (Orc:3)
  An orc warlord (Orc:4)
  Maud (Lair:5)
  6 emperor scorpions
  A fire giant (D:15)
  Aizul (Shoals:1)
  2 vault wardens (Vaults:2)
  4 ghost moths
  3 deep elf sorcerers
  4 ironheart preservers
  Azrael (D:14)
  A merfolk javelineer (Shoals:1)
  A deep elf death mage (Vaults:2)
  3 yaktaur captains
  A minotaur (Lab)
  12 merfolk impalers
  2 vault guards (Vaults:2)
  2 ogre magi
  2 entropy weavers
  2 great orbs of eyes (Vaults:2)
  7 centaur warriors
  2 merfolk avatars (Shoals:4)
  10 hydras
  2 merfolk aquamancers (Shoals:4)
  2 alligator snapping turtles
  3 catoblepae
  21 death yaks
  4 orc high priests (Orc:4)
  2 deep elf knights (Vaults:1)
  A fire crab (Lair:7)
  13 sea snakes
  3 deep trolls (Vaults:2)
  3 ice statues (IceCv)
  4 ironbrand convokers (Vaults:2)
  5 orc knights
  The ghost of krabocopter the Carver, an experienced MiFi of Ru (D:5)
  14 griffons
  3 hill giants
  6 unseen horrors
  8 orc sorcerers
  12 manticores
  18 orb spiders
  18 wolf spiders
  2 water nymphs
  6 fauns
  12 harpies
  2 deep elf conjurers
  6 hornets
  4 cyclopes
  An oklob plant (D:12)
  14 ugly things
  2 wizards (D:13)
  2 moths of wrath
  29 elephants
  2 vault sentinels
  5 black mambas
  8 spiny frogs
  7 sirens
  A centaur zombie (D:12)
  A torpor snail (Lair:6)
  Psyche (D:9)
  2 orange demons
  A drowned soul (Shoals:2)
  A rust devil (Vaults:2)
  6 komodo dragons
  2 demonic crawlers
  A fire drake (Lair:8)
  A yaktaur (Vaults:1)
  An efreet (D:13)
  A komodo dragon (shapeshifter) (Vaults:1)
  3 trolls
  2 deep elf priests (Vaults:1)
  28 merfolk
  A freezing wraith (Vaults:2)
  A troll (shapeshifter) (D:14)
  A polar bear (Lair:4)
  2 wind drakes
  10 slime creatures
  23 jumping spiders
  A raven (shapeshifter) (Vaults:1)
  5 snapping turtles
  A boulder beetle (Lair:3)
  A wind drake (shapeshifter) (D:13)
  6 two-headed ogres
  22 blink frogs
  A ynoxinul (D:15)
  2 shadows
  2 vampires (D:15)
  4 wraiths
  5 fire elementals (D:14)
  36 redbacks
  19 trapdoor spiders
  13 hippogriffs
  21 tarantellas
  7 water elementals
  14 yaks
  2 deep elf magi (Vaults:1)
  A spriggan (D:7)
  7 basilisks
  Eustachio (D:4)
  7 deep elf fighters (Vaults:1)
  5 wyverns
  A hungry ghost (D:6)
  2 mottled dragons
  A steam dragon (Lair:4)
  15 wolves
  2 neqoxecs
  3 vampire mosquitoes
  A yaktaur simulacrum (Vaults:2)
  2 wargs
  9 porcupines
  A soldier ant (D:11)
  18 spiders
  7 water moccasins
  A hell hound (D:14)
  31 orc warriors
  24 ice beasts
  A wasp (Spider:4)
  3 phantoms
  3 sky beasts
  4 boggarts (Vaults:1)
  20 ogres
  22 centaurs
  14 crocodiles
  A brain worm (D:15)
  Blork the orc (D:6)
  20 giant frogs
  3 gnoll sergeants
  A wyvern zombie (D:14)
  10 killer bees
  4 scorpions
  7 wights
  5 electric eels
  A vampire bat (Lair:8)
  A quasit (D:8)
  6 jellies
  6 crimson imps
  2 centaur skeletons
  A giant frog zombie (D:11)
  32 orc priests
  6 hounds
  7 hell rats
  2 giant frog skeletons
  Terence (D:1)
  11 worker ants
  9 iguanas
  35 orc wizards
  26 sheep
  A killer bee zombie (D:5)
  2 hound zombies
  3 hound skeletons
  17 adders
  A worker ant zombie (D:5)
  16 gnolls
  41 river rats
  3 shadow imps
  2 white imps
  4 ufetubi (D:15)
  An adder zombie (D:5)
  3 adder skeletons
  5 worms
  6 giant geckos
  270 orcs
  A ball python (D:3)
  5 giant cockroaches
  26 hobgoblins
  21 jackals
  16 kobolds
  27 bats
  A giant gecko skeleton (D:8)
  3 giant newts
  34 goblins
  5 quokkas
  58 rats
  2 fungi
  3 plants
  3 tentacles (Shoals:3)
  A tentacle segment (Shoals:3)
1556 creatures vanquished.

Vanquished Creatures (collateral kills)
  Ilsuiw (Shoals:4)
  A ghost moth (Spider:4)
  A stone giant (Orc:4)
  A deep elf demonologist (Vaults:2)
  The ghost of DEFE the Merfolkian Aeon, a powerful MfIE of Cheibriados (Orc:4)
  A vault guard (Vaults:2)
  3 merfolk impalers (Shoals:4)
  A merfolk avatar (Shoals:2)
  A merfolk aquamancer (Shoals:4)
  2 orc high priests (Orc:4)
  A harpy (Shoals:4)
  A hill giant (D:10)
  A siren (Shoals:4)
  2 merfolk (Shoals:4)
  A boulder beetle (Lair:3)
  A slime creature (D:10)
  A snapping turtle (Shoals:1)
  A tarantella (Spider:1)
  A redback (Spider:4)
  A porcupine (Lair:3)
  4 orc warriors (Orc:4)
  An ogre (Orc:4)
  An orc priest (Orc:4)
  An orc wizard (Orc:4)
  A sheep (Shoals:4)
  5 orcs (Orc:4)
37 creatures vanquished.

Vanquished Creatures (others)
  An Executioner (Orc:4)
  A balrug (Spider:4)
  2 green deaths
  A salamander stormcaller (D:14)
  7 drowned souls
  A smoke demon (Shoals:4)
  An orange demon (Vaults:2)
  A hellwing (Lab)
  3 ynoxinuls
  2 neqoxecs
  A human (D:9)
  A lost soul (Vaults:2)
  An iron imp (Spider:1)
  A white imp (Orc:4)
  13 ufetubi
  2 orcs (D:6)
  A hobgoblin (D:6)
  A goblin (D:6)
  5 fungi
  3 plants
  6 tentacles (Shoals:3)
  348 tentacle segments (Shoals:3)
403 creatures vanquished.

Grand Total: 1996 creatures vanquished

Notes
Turn   | Place    | Note
--------------------------------------------------------------
     0 | D:1      | Raurakos the Vine Stalker Monk began the quest for the Orb.
     0 | D:1      | Reached XP level 1. HP: 11/11 MP: 2/2
   112 | D:1      | Reached XP level 2. HP: 14/16 MP: 3/3
   474 | D:1      | Reached XP level 3. HP: 19/19 MP: 4/4
   598 | D:1      | Reached skill level 5 in Unarmed Combat
  1025 | D:2      | Noticed Terence
  1072 | D:1      | Killed Terence
  1072 | D:1      | Reached XP level 4. HP: 14/23 MP: 3/5
  1238 | D:2      | Reached skill level 6 in Unarmed Combat
  1280 | D:2      | Reached XP level 5. HP: 9/27 MP: 2/6
  1579 | D:2      | Found a stormy altar of Qazlal.
  1922 | D:3      | Reached skill level 7 in Unarmed Combat
  1950 | D:3      | Gained mutation: You heal very quickly. [Vine Stalker growth]
  1950 | D:3      | Reached XP level 6. HP: 29/32 MP: 5/7
  2125 | D:3      | Found a sparkling altar of Nemelex Xobeh.
  2338 | D:3      | Found a basalt altar of Yredelemnul.
  2340 | D:3      | Found a deep blue altar of Sif Muna.
  2431 | D:3      | Found a bloodstained altar of Trog.
  2431 | D:3      | Found a snail-covered altar of Cheibriados.
  2747 | D:4      | Noticed Eustachio
  2787 | D:4      | Killed Eustachio
  2787 | D:4      | Reached skill level 8 in Unarmed Combat
  2787 | D:4      | Reached XP level 7. HP: 26/35 MP: 6/8
  3296 | D:4      | Found a burning altar of Makhleb.
  3296 | D:4      | Noticed a green death
  3410 | D:4      | Noticed a hellwing
  3410 | D:4      | Noticed a hellwing
  3668 | D:5      | Entered Level 5 of the Dungeon
  3780 | D:4      | Reached skill level 9 in Unarmed Combat
  4050 | D:5      | Gained mutation: You have razor-sharp teeth. [Vine Stalker growth]
  4050 | D:5      | Reached XP level 8. HP: 39/39 MP: 9/9
  4185 | D:5      | Noticed krabocopter's ghost (experienced MiFi)
  4518 | D:5      | Reached skill level 10 in Unarmed Combat
  5233 | D:5      | Killed krabocopter's ghost
  5233 | D:5      | Reached skill level 5 in Dodging
  5233 | D:5      | Reached XP level 9. HP: 37/43 MP: 10/10
  5835 | D:4      | Became a worshipper of Makhleb the Destroyer
  5835 | D:4      | Acquired Makhleb's first power
  5835 | D:4      | Acquired Makhleb's second power
  5896 | D:6      | Found a shimmering altar of Xom.
  6218 | D:6      | Noticed Blork the orc
  6228 | D:6      | Killed Blork the orc
  6540 | D:7      | Found a radiant altar of Vehumet.
  6574 | D:7      | Found an ancient bone altar of Kikubaaqudgha.
  6601 | D:7      | Acquired Makhleb's third power
  6612 | D:7      | Found a staircase to the Ecumenical Temple.
  6624 | Temple   | Entered the Ecumenical Temple
  7004 | D:7      | Found Purihimy's Antique Armour Boutique.
  7018 | D:7      | Bought a pair of runed boots for 130 gold pieces
  7024 | D:7      | Bought a runed ring mail for 116 gold pieces
  7206 | D:7      | Reached XP level 10. HP: 47/47 MP: 11/11
  7731 | D:8      | Reached skill level 1 in Invocations
  7937 | D:8      | Acquired Makhleb's fourth power
  8209 | D:8      | Found a shimmering altar of Xom.
  8249 | D:9      | Noticed Psyche
  8265 | D:9      | Killed Psyche
  8315 | D:9      | Reached skill level 5 in Invocations
  8321 | D:9      | Reached skill level 1 in Armour
  8324 | D:9      | Found a staircase to the Orcish Mines.
  8355 | D:9      | Found Efujit's Assorted Antiques.
  8477 | D:9      | Found an ancient bone altar of Kikubaaqudgha.
  8587 | D:9      | Found Ryplaic's General Store.
  8807 | D:9      | Noticed Gastronok
  8853 | D:9      | Killed Gastronok
  8853 | D:9      | Reached skill level 5 in Armour
  8853 | D:9      | Reached XP level 11. HP: 51/51 MP: 12/15
  8957 | D:10     | Entered Level 10 of the Dungeon
  9008 | D:10     | Noticed a hill giant
  9306 | D:10     | Acquired Makhleb's fifth power
  9352 | D:10     | Killed a hill giant
  9734 | D:11     | Found a staircase to the Lair.
  9812 | D:11     | Found a labyrinth entrance.
  9917 | Lab      | Entered a labyrinth
 10111 | Lab      | Noticed a minotaur
 10135 | Lab      | Killed a minotaur
 10151 | Lab      | Identified the Incunabulum of Execration
 10217 | D:11     | Reached skill level 5 in Fighting
 10433 | D:7      | Bought a dyed leather armour for 58 gold pieces
 10546 | D:11     | Reached skill level 10 in Dodging
 10584 | D:11     | Noticed a centaur warrior
 10593 | D:11     | Killed a centaur warrior
 10654 | Lair:1   | Entered Level 1 of the Lair of Beasts
 11132 | Lair:1   | Gained mutation: Your flesh is cold resistant. [potion of beneficial mutation]
 11664 | Lair:1   | Gained mutation: You regenerate. [Vine Stalker growth]
 11664 | Lair:1   | Reached XP level 12. HP: 58/63 MP: 16/16
 11982 | Lair:2   | Noticed a five-headed hydra
 12447 | Lair:2   | Killed a five-headed hydra
 12732 | Lair:3   | Reached skill level 10 in Fighting
 12922 | Lair:3   | Noticed a four-headed hydra
 12933 | Lair:3   | Killed a four-headed hydra
 13006 | Lair:3   | Reached skill level 11 in Unarmed Combat
 13176 | Lair:4   | Got an ancient ring mail
 13192 | Lair:3   | Identified the +1 ring mail "Elittoci" {Dex+2} (You found it on level 4 of the Lair of Beasts)
 13471 | Lair:4   | Noticed a death yak
 13471 | Lair:4   | Noticed a death yak
 13477 | Lair:4   | Noticed a death yak
 13479 | Lair:4   | Noticed a death yak
 13480 | Lair:4   | Noticed a death yak
 13488 | Lair:4   | Killed a death yak
 13489 | Lair:4   | Killed a death yak
 13489 | Lair:4   | Reached skill level 12 in Unarmed Combat
 13501 | Lair:4   | Killed a death yak
 13522 | Lair:4   | Killed a death yak
 13522 | Lair:4   | Reached XP level 13. HP: 72/72 MP: 17/17
 13536 | Lair:4   | Killed a death yak
 13681 | Lair:4   | Reached skill level 13 in Unarmed Combat
 14608 | Lair:5   | Reached skill level 14 in Unarmed Combat
 14735 | Lair:5   | Noticed Maud
 15014 | Lair:5   | Killed Maud
 15366 | Lair:6   | Found a hole to the Spider Nest.
 15384 | Lair:6   | Found a shadowy altar of Dithmenos.
 15437 | Lair:6   | Reached skill level 15 in Unarmed Combat
 15605 | Lair:6   | Found a staircase to the Slime Pits.
 15617 | Lair:6   | Found a staircase to the Shoals.
 15893 | Lair:6   | Reached XP level 14. HP: 77/77 MP: 15/18
 16272 | Lair:7   | Identified a scroll of acquirement
 16290 | Lair:7   | Noticed Rupert
 16958 | Lair:8   | Entered Level 8 of the Lair of Beasts
 17726 | Lair:8   | Reached XP level 15. HP: 80/80 MP: 19/19
 17970 | Lair:8   | Reached skill level 10 in Armour
 19048 | Orc:1    | Entered Level 1 of the Orcish Mines
 19105 | Orc:1    | Upgraded the game from 0.17-a0-1011-gfa70bdd to 0.17-a0-1037-gbf358b4
 19381 | Orc:1    | Found a roughly hewn altar of Beogh.
 19851 | Orc:3    | Found a staircase to the Elven Halls.
 20458 | Orc:4    | Entered Level 4 of the Orcish Mines
 20463 | Orc:4    | Noticed Donald
 20716 | Orc:3    | Killed Donald
 20849 | Orc:4    | Found a roughly hewn altar of Beogh.
 20876 | Orc:4    | Found Xyrol's Assorted Antiques.
 20884 | Orc:4    | Bought a scroll of identify for 54 gold pieces
 20885 | Orc:4    | Bought a small peridot amulet for 135 gold pieces
 20896 | Orc:4    | Found Bikhli's Assorted Antiques.
 20914 | Orc:4    | Bought a pearl ring for 140 gold pieces
 20914 | Orc:4    | Bought a scroll of identify for 56 gold pieces
 21165 | Orc:4    | Noticed DEFE's ghost (powerful MfIE)
 21174 | Orc:4    | Killed DEFE's ghost
 21385 | Orc:4    | Upgraded the game from 0.17-a0-1037-gbf358b4 to 0.17-a0-1046-ga09e34d
 21880 | Orc:4    | Found a roughly hewn altar of Beogh.
 22011 | Orc:4    | Reached skill level 10 in Invocations
 22479 | Orc:4    | Found Foynugh's Armour Shoppe.
 22502 | Orc:4    | Bought a +2 helmet of see invisible for 258 gold pieces
 22517 | Orc:4    | Bought the +4 chain mail of Royalty {Str+6} for 529 gold pieces
 22557 | Orc:4    | Found Mibb's Armour Emporium.
 23422 | D:12     | Found an opulent altar of Gozag.
 24430 | D:13     | Got a translucent great sword
 24458 | D:13     | Reached XP level 16. HP: 88/88 MP: 24/24
 24600 | D:13     | Found Eguanas's Antique Weapon Boutique.
 24637 | D:13     | Found Bagg's Distillery.
 24665 | D:13     | Bought a potion of beneficial mutation for 385 gold pieces
 24665 | D:13     | Gained mutation: You can translocate small distances at will. [potion of beneficial mutation]
 24721 | D:13     | Found a gate to the Vaults.
 24724 | D:13     | Paralysed by a wizard for 4 turns
 24845 | D:13     | Found Paintunogo's Antique Weapon Emporium.
 25130 | D:14     | Found a runed door.
 25130 | D:14     | Found a runed door.
 25206 | D:14     | Found a frozen archway.
 25216 | IceCv    | Entered an ice cave
 25391 | D:14     | Noticed Azrael
 25417 | D:14     | Killed Azrael
 25483 | D:14     | Upgraded the game from 0.17-a0-1046-ga09e34d to 0.17-a0-1056-g838d5c0
 26259 | D:15     | Entered Level 15 of the Dungeon
 26309 | D:15     | Found a staircase to the Depths.
 26478 | D:15     | Found a shadowy altar of Dithmenos.
 26866 | D:15     | Identified a +0 rod of ignition (13/13) (You found it on level 15 of the Dungeon)
 28057 | Spider:1 | Entered Level 1 of the Spider Nest
 29531 | Spider:3 | Reached skill level 16 in Unarmed Combat
 29708 | Spider:3 | Reached XP level 17. HP: 93/93 MP: 25/25
 30304 | Spider:4 | Entered Level 4 of the Spider Nest
 30498 | Spider:4 | Reached skill level 17 in Unarmed Combat
 30636 | Spider:4 | Got a wizard robe
 30637 | Spider:4 | Identified the cursed +0 robe of Pleasant Breezes {+Fly rN+ Dex-3} (You found it on level 4 of the Spider Nest)
 31788 | Spider:4 | Reached skill level 18 in Unarmed Combat
 31871 | Spider:4 | Got a gossamer rune of Zot
 32328 | Shoals:1 | Entered Level 1 of the Shoals
 32513 | Shoals:1 | Noticed Aizul
 32524 | Shoals:1 | Killed Aizul
 32640 | Shoals:1 | Got a polished cloak
 32651 | Shoals:1 | Identified the +0 cloak "Cauj" {rF+} (You acquired it on level 1 of the Shoals)
 33196 | Shoals:2 | Reached skill level 19 in Unarmed Combat
 33196 | Shoals:2 | Reached XP level 18. HP: 98/98 MP: 26/26
 34586 | Shoals:4 | Entered Level 4 of the Shoals
 34593 | Shoals:4 | Noticed Ilsuiw
 34766 | Shoals:4 | Reached skill level 20 in Unarmed Combat
 34863 | Shoals:4 | Killed Ilsuiw
 34983 | Shoals:4 | Got a dazzling hand crossbow
 35496 | Shoals:4 | Noticed Nikola
 35519 | Shoals:4 | Killed Nikola
 35657 | Shoals:4 | Got a smoking dagger
 35658 | Shoals:4 | Identified the +0 dagger of the Shoals {venom, rF+ MR+} (You found it on level 4 of the Shoals)
 35660 | Shoals:4 | Identified the cursed +0 hand crossbow of Analysis {speed, rElec Dex+6 Stlth-} (You found it on level 4 of the Shoals)
 35755 | Shoals:4 | Got a barnacled rune of Zot
 36319 | Lair:1   | Learned a level 6 spell: Deflect Missiles
 36446 | Vaults:1 | Entered Level 1 of the Vaults
 36591 | Vaults:1 | Noticed a Hell Sentinel
 36595 | Vaults:1 | Noticed an Ice Fiend
 36751 | Vaults:1 | Reached XP level 19. HP: 102/102 MP: 27/27
 37087 | Vaults:1 | Reached skill level 1 in Charms
 37087 | Vaults:1 | Reached skill level 1 in Air Magic
 37238 | Vaults:1 | Identified the Volume of Flamy Confrontation
 37492 | Vaults:2 | Got a pair of crude gloves
 37503 | Vaults:2 | Identified the +2 pair of gloves of Enueh {-Tele rPois Int+3} (You found it on level 2 of the Vaults)
 37712 | Vaults:2 | Paralysed by a hornet for 2 turns
 37716 | Vaults:2 | Paralysed by a hornet for 3 turns
 37718 | Vaults:2 | HP: 4/177 [rakshasa/long sword (9)]
 37718 | Vaults:2 | Mangled by a rakshasa (illusionary)

Vault maps used:
D:1:      dpeg_arrival_chase, st_stairs_9, minmay_misc_feat_chi,
          minmay_rat_gold_closets
D:2:      lemuel_doored_altar, uniq_terence
D:3:      nemelex_deck, gammafunk_temple_overflow_elements, minitemple
D:4:      first_bread, makhleb_altar_promises_db, uniq_eustachio
D:6:      lemuel_ratsnest, xom_confusion_cloud, uniq_blork_the_orc
D:7:      vehumet_altar_wand_db, minmay_temple_entry_water_ring, serial_shops,
          nicolae_shop_temple_entry_statues_fountains, the_bakery,
          david_defended_altar_elf
D:8:      basic_altar
D:9:      orc_david_3, serial_shops, shop, shop, tgw_kikubaaqudgha,
          uniq_gastronok, uniq_psyche
D:10:     corexii_hall_statues_x
D:11:     lair_0_dummy, lab_entry_generic, st_stairs_11,
          minmay_misc_feat_four_crosses, spider_trap
D:12:     lemuel_oklob_altar
D:13:     david_vaults_1, serial_shops, shop, nicolae_shop_waterfront,
          kennysheep_mini, evilmike_butchery
D:14:     lemuel_troll_bridge, serial_park_gazebo,
          portal_ice_cave_entry_ice_beasts, serial_glass, glass_columns_b,
          glass_columns_c, glass_columns_a, glass_columns_c, glass_columns_a,
          glass_columns_a, glass_columns_a, glass_columns_c, glass_columns_a,
          glass_columns_a, item_on_display_a, minmay_liquid_box, minivault_1,
          uniq_azrael
D:15:     grunt_enter_depths_giant_problem, kennysheep_doodads,
          grunt_dithmenos_smoke
Temple:   triangle_lava_temple_11
Lair:1:   infiniplex_staircase_pool, grunt_megastairs_4
Lair:2:   kennysheep_abandoned_house, serial_bayou_shore_b, grunt_megastairs_3,
          infiniplex_staircase_pool_2
Lair:3:   boulder_dual_corridor_run, minivault_23, minivault_23,
          lemuel_fruit_tree
Lair:4:   serial_bayou_shore_b
Lair:5:   grunt_forest_small_clearing_treed, uniq_maud
Lair:6:   shoals_dummy_entry, spider_nest_entry_rubble, slime_dummy,
          basic_altar, st_stairs_13
Lair:7:   serial_bayou_ford_a, uniq_rupert
Lair:8:   hangedman_lair_in_review, roderic_batcave, serial_bayou_shore_b
Shoals:1: centaur_isle, uniq_aizul
Shoals:4: shoals_end_simple, shoal_ilsuiw, nicolae_shoals_square_sea_wall,
          uniq_nikola
Spider:2: spider_trap, nicolae_spider_circle_web
Spider:3: nicolae_spider_cling_ruins
Spider:4: spider_rune_water
Orc:1:    basic_altar
Orc:3:    nicolae_orc_pool_cavern
Orc:4:    pubby_orc_utopia, uniq_donald
Vaults:1: nicolae_vaults_three_branches, ontoclasm_vaults_misaligned,
          hangedman_vaults_pinch, grunt_vaults_bifocal,
          nicolae_vaults_big_angled_halls, vaults_room_fours,
          ontoclasm_vaults_idyll, hangedman_vaults_slice, serial_shops, shop
Vaults:2: vaults_room_door_ring, nicolae_vaults_diagonal_hallway_9,
          vaults_room_large_hall, nicolae_vaults_ring_of_whatevers,
          vaults_mumra_minichess, vaults_mumra_chevron_long, v_misc_2,
          grunt_vaults_focal, serial_ice_g, v_pattern_3, vaults_room_corners,
          dpeg_vaults_monster_box, hangedman_vaults_trim
Lab:      nicolae_lab_dead_adventurers
IceCv:    ice_cave_statue_garden_02

Action                   |  1- 3 |  4- 6 |  7- 9 | 10-12 | 13-15 | 16-18 | 19-21 || total
-------------------------+-------+-------+-------+-------+-------+-------+-------++-------
Melee: Unarmed           |   121 |   185 |   492 |   604 |  1699 |  1593 |   263 ||  4957
Invok: Minor Destruction |       |       |    14 |   163 |    99 |   202 |       ||   478
       Lesser Servant of |       |       |       |    14 |     9 |    23 |     1 ||    47
       Greater Servant o |       |       |       |       |     2 |     6 |     2 ||    10
       Major Destruction |       |       |       |       |     1 |    11 |       ||    12
 Abil: Blink             |       |       |       |       |       |    33 |       ||    33
Evoke: Wand              |       |       |       |     7 |       |     1 |       ||     8
  Use: Scroll            |       |     4 |     7 |     8 |    17 |    18 |     2 ||    56
       Potion            |       |       |       |     4 |       |     3 |     2 ||     9
 Stab: Sleeping          |     7 |       |     2 |    11 |     2 |       |       ||    22
       Distracted        |       |     1 |       |     1 |     6 |     8 |     2 ||    18
       Confused          |       |       |       |       |       |     1 |       ||     1
  Eat: Chunk             |       |     6 |    16 |    21 |    39 |    49 |     2 ||   133
       Pizza             |       |       |       |     3 |       |       |       ||     3
       Beef jerky        |       |       |       |     1 |       |     1 |       ||     2
       Meat ration       |       |       |       |       |       |     1 |       ||     1
       Royal jelly       |       |       |       |       |       |     1 |       ||     1
       Bread ration      |       |       |       |       |       |       |     1 ||     1
